 Dungeon Crawl Stone Soup version 0.18-a0-1702-gd20c6a5 (webtiles) character file.

882928 M4edhros the Hoplite (level 27, -2/255 HPs)
             Began as an Octopode Wanderer on Apr 7, 2016.
             Was the Champion of Dithmenos.
             Slain by an infernal warmonger
             ... wielding a +6 demon trident of venom
              (27 damage)
             ... in Pandemonium on Apr 8, 2016.
             The game lasted 05:58:13 (98708 turns).

M4edhros the Hoplite (Octopode Wanderer)           Turns: 98708, Time: 05:58:14

Health: -2/255     AC: 26    Str: 27    XL:     27
Magic:  2/42       EV: 36    Int: 19    God:    Dithmenos [******]
Gold:   3681       SH: 35    Dex: 33    Spells: 15 memorised, 12 levels left

rFire  + + +     SeeInvis .     o - +9 eveningstar (holy)
rCold  + + +     Gourm    .     Y - +8 large shield {reflect}
rNeg   + + .     Faith    .     u - -2 hat of the Alchemist {rElec rPois rF+ rC+ rN+ MR+ rMut rCorr}
rPois  +         Spirit   .     r - amulet of Goaxan {Regen+ Str+4}
rElec  +         Dismiss  .     h - +2 ring of slaying
rCorr  +         Reflect  +     G - +5 ring of protection
rMut   +         Harm     .     w - +6 ring of protection
SustAt .         Clarity  +     Q - ring "Elosk" {*Confuse rC+ Dex+5 Stlth+}
MR     +++++                    s - +5 ring of dexterity
Stlth  ..........               W - ring "Ciebill" {rCorr Str+6 Stlth+}
                                y - ring of Xuojeisch {rN+ Dex+2}
                                e - +5 ring of protection

@: berserking, icy armour, weakened, very slightly contaminated, wreathed by
umbra, drained, very quick, almost entirely resistant to hostile enchantments,
extremely unstealthy
A: almost no armour, amphibious, 8 rings, constrict 8, beak, icy blue scales 1,
molten scales 1, slimy green scales 1, camouflage 2, clarity, clever 1, cold
resistance 3, fire resistance 3, frail 1, magic resistance 3, sense surroundings
1, shaggy fur 1, electricity resistance, wild magic 3, gelatinous body 1,
MP-powered wands
a: Shadow Step, Shadow Form, Renounce Religion
}: 6/15 runes: decaying, silver, abyssal, demonic, dark, gossamer


You were in Pandemonium.
You worshipped Dithmenos.
Dithmenos was exalted by your worship.
You were very full.

You visited 13 branches of the dungeon, and saw 58 of its levels.
You visited Pandemonium 1 time, and saw 23 of its levels.
You visited the Abyss 3 times.
You visited 1 bazaar.
You also visited: Labyrinth, Sewer, Ice Cave, Volcano and Wizlab.

You collected 36801 gold pieces.
You spent 6302 gold pieces at shops.
You paid 26818 gold pieces to Gozag.

Inventory:

Hand Weapons
 g - the +7 greatsling "Punk" {freeze, rC+}
   (You found it on level 2 of the Crypt)

   It causes projectiles fired from it to freeze those they strike, causing
   extra injury to most foes and up to half again as much damage against
   particularly susceptible opponents.
   They can also slow down cold-blooded creatures.
   It protects you from cold.
 l - the +18 lance "Wyrmbane" {slay drac, +Rage rPois rF+ AC+5}
   (You bought it in a shop on level 1 of the Lair of Beasts)

   It affects your AC (+5).
   It protects you from fire.
   It protects you from poison.
   It lets you go berserk.
 o - a +9 eveningstar of holy wrath (weapon)
Missiles
 q - 10 throwing nets (quivered)
 x - 230 sling bullets
Armour
 u - the -2 hat of the Alchemist (worn) {rElec rPois rF+ rC+ rN+ MR+ rMut rCorr}
   (You found it in a wizard's laboratory)

   It protects you from fire.
   It protects you from cold.
   It insulates you from electricity.
   It protects you from poison.
   It protects you from negative energy.
   It affects your resistance to hostile enchantments.
   It protects you from acid and corrosion.
   It protects you from mutation.
 Y - a +8 large shield of reflection (worn)
Rods
 K - a +6 rod of inaccuracy (17/17)
   (You found it on level 2 of the Depths)
Jewellery
 e - a +5 ring of protection (on tentacle)
 h - a +2 ring of slaying (left tentacle)
 r - the amulet of Goaxan (around mantle) {Regen+ Str+4}
   (You found it in a labyrinth)

   [amulet of regeneration]

   It affects your strength (+4).
   It increases your rate of regeneration.
 s - a +5 ring of dexterity (on tentacle)
 w - a +6 ring of protection (on tentacle)
 y - the ring of Xuojeisch (on tentacle) {rN+ Dex+2}
   (You found it on level 3 of the Crypt)

   [ring of positive energy]

   It affects your dexterity (+2).
   It protects you from negative energy.
 E - the ring "Zeec" {rN+ Str+2}
   (You found it on level 3 of the Crypt)

   [ring of positive energy]

   It affects your strength (+2).
   It protects you from negative energy.
 G - a +5 ring of protection (right tentacle)
 Q - the ring "Elosk" (on tentacle) {*Confuse rC+ Dex+5 Stlth+}
   (You found it on level 7 of the Dungeon)

   [ring of stealth]

   It affects your dexterity (+5).
   It protects you from cold.
   It may confuse you when you take damage.
   It makes you more stealthy.
 W - the ring "Ciebill" (on tentacle) {rCorr Str+6 Stlth+}
   (You took it off a vault warden on level 5 of the Vaults)

   [ring of resist corrosion]

   It affects your strength (+6).
   It makes you more stealthy.
Wands
 a - a wand of digging (9/24)
 f - a wand of disintegration (19/24)
 j - a wand of heal wounds (7/9)
 F - a wand of confusion (32/48)
 L - a wand of teleportation (6/9)
 Z - a wand of hasting (9/9)
Scrolls
 t - 2 scrolls of magic mapping
 v - 9 scrolls of fear
 B - 4 scrolls of fog
 C - 6 scrolls of blinking
 O - 18 scrolls of identify
 T - 15 scrolls of teleportation
 U - 10 scrolls of summoning
Potions
 c - 22 potions of curing
 d - a potion of cure mutation
 k - 5 potions of magic
 n - 2 potions of cancellation
 p - 6 potions of might
 D - 6 potions of haste
 J - 5 potions of berserk rage
 R - a potion of invisibility
 S - 4 potions of agility
 X - a potion of ambrosia
Miscellaneous
 z - a phial of floods (inert)
 A - the horn of Geryon
 N - a fan of gales (inert)
 P - a sack of spiders
Comestibles
 b - 10 slices of pizza
 H - 25 meat rations
 M - 29 fruits


   Skills:
 - Level 16.1(14.8) Fighting
   Level 8.5(10.9) Short Blades
   Level 13.7(13.2) Long Blades
 + Level 20.8(19.4) Maces & Flails
 - Level 16.5(15.2) Polearms
 - Level 15.0(13.7) Slings
   Level 1.0(0.1) Crossbows
 - Level 20.5(19.0) Dodging
 - Level 16.0(14.7) Stealth
 - Level 25.6(23.9) Shields
 - Level 15.6(14.3) Spellcasting
 - Level 8.6(7.5) Hexes
 - Level 7.9(6.8) Charms
 - Level 10.0(8.8) Summonings
 - Level 5.7(4.7) Necromancy
 - Level 12.3(11.1) Translocations
 - Level 6.1(5.0) Ice Magic
 - Level 9.5(8.4) Air Magic
 + Level 14.3(13.1) Invocations
 * Level 17.3(15.9) Evocations


You had 12 spell levels left.
You knew the following spells:

 Your Spells              Type           Power        Failure   Level  Hunger
a - Regeneration          Chrm/Necr      ######....   8%          3    None
b - Ozocubu's Armour      Chrm/Ice       ######..     8%          3    None
c - Spectral Weapon       Hex/Chrm       ######..     6%          3    None
d - Summon Forest         Summ/Tloc      #######...   12%         5    ####...
e - Summon Lightning Spi  Summ/Air       ######..     8%          4    None
f - Blink                 Tloc           N/A          2%          2    None
g - Mephitic Cloud        Conj/Pois/Air  #####...     24%         3    None
h - Shroud of Golubria    Chrm/Tloc      ######....   3%          2    None
i - Gell's Gravitas       Hex/Tloc       #######...   4%          3    None
j - Song of Slaying       Chrm           ######..     6%          2    None
k - Apportation           Tloc           #######...   1%          1    None
l - Repel Missiles        Chrm/Air       ######       4%          2    None
m - Tukima's Dance        Hex            ######..     6%          3    None
n - Static Discharge      Conj/Air       ######..     14%         3    None
o - Deflect Missiles      Chrm/Air       ######....   65%         6    #####..


Dungeon Overview and Level Annotations

Branches:
Dungeon (15/15)            Temple (1/1) D:5            Lair (8/8) D:8
  Swamp (4/4) Lair:3       Spider (4/4) Lair:3        Slime (2/6) Lair:8
    Orc (2/2) D:10            Elf (3/3) Orc:2        Vaults (5/5) D:13
  Crypt (3/3) Vaults:3       Tomb (0/3) Crypt:3      Depths (5/5) D:15
   Hell (1/1)                 Dis (0/7) Hell            Geh (0/7) Hell
    Coc (0/7) Hell            Tar (0/7) Hell            Zot (5/5) Depths:5

Altars:
Ashenzari
Cheibriados
Dithmenos
Elyvilon
Gozag
Kikubaaqudgha
Makhleb
Nemelex Xobeh
Okawaru
Pakellas
Qazlal
Ru
Sif Muna
Vehumet
Xom
Yredelemnul
Zin
The Shining One
Beogh

Shops:
D:7 [   D:11 =   D:13 }   D:14 }   Orc:1 }   Orc:2 *[(=   Elf:3 %
Lair:1 *(=[=[=   Vaults:5 ?%%[%?!%?!   Crypt:3 *   Hell }(=[   Depths:1 =
Depths:5 (

Portals:
Hell: Depths:1 Depths:2 Depths:3 Depths:4 Depths:5
Abyss: Depths:2 Depths:4 Depths:5
Pandemonium: Depths:3
Ziggurat: Depths:5

Annotations:
D:7 Joseph
Depths:2 exclusion: obsidian statue
Zot:5 1 exclusion


Innate Abilities, Weirdness & Mutations

You cannot wear most types of armour.
You are amphibious.
You can wear up to eight rings at the same time.
You can use your tentacles to constrict eight enemies at once.
Your skin blends seamlessly with your surroundings (Stealth).
Your rubbery body absorbs attacks (AC +1).
You have a beak for a mouth.
You are partially covered in icy blue scales (AC +1).
You are partially covered in molten scales (AC +1).
You are partially covered in slimy green scales (AC +2).
You possess an exceptional clarity of mind.
Your mind is acute. (Int +2)
Your flesh is almost immune to the effects of cold.
Your flesh is almost immune to the effects of heat.
You are frail (-10% HP).
You are extremely resistant to the effects of hostile enchantments.
You passively map a small area around you.
You are covered in fur (AC +1).
You are resistant to electric shocks.
Your spells are much harder to cast, but much more powerful.
You expend magic power (3 MP) to strengthen your wands.


Message History

* * * LOW HITPOINT WARNING * * *
The ufetubus hits your spectral weapon but does no damage.
You block the sun demon's attack. x2
You thump the sun demon!
The sun demon convulses.
Your grab misses the sun demon. You peck the sun demon.
You squeeze the sun demon.
The sun demon is moderately wounded.
You block the neqoxec's attack. The red devil completely misses you.
The ufetubus hits your spectral weapon.
Your spectral weapon shares its damage with you!
* * * LOW HITPOINT WARNING * * *
The ufetubus misses your spectral weapon.
Something barely misses your spectral weapon.
Something hits your spectral weapon.
Your spectral weapon shares its damage with you!
* * * LOW HITPOINT WARNING * * *
You block the sun demon's attack.
The infernal warmonger hits you from afar with an uncursed demon trident of venom!!
You die...
Xom titters!

*
#.#.#.#.#.#.
, *
#...........
#.#.......#.
, *
#...(.......
* ,
#.#..≈....#.
#3)3§5......
#6#33§§%..#.
,*
#.633§§.....
*
#§#@#5#.#.#.
* ,
#5(335.....
*
#####4''###
, ...... ,,,
..... ∩, ,
,, ..... *
** , ###4 ,
*, * * , ,,,


You could see 2 demonspawn, 4 sun demons, a smoke demon, a neqoxec, 2 red
devils, 2 ufetubi and a friendly spectral eveningstar of holy wrath.

Vanquished Creatures
  5 ancient liches
  Khufu (Crypt:2)
  Mennas (Pan)
  13 pandemonium lords (Pan)
  Mara (Swamp:3)
  A greater mummy (Crypt:2)
  Frederick (Vaults:2)
  2 curse toes
  Geryon (Hell)
  Saint Roka (Elf:2)
  2 profane servitors
  15 golden dragons
  5 Brimstone Fiends (Pan)
  4 bone dragons
  A mutant beast (WizLab)
  An electric golem (Zot:2)
  3 Tzitzimimeh
  4 Ice Fiends (Pan)
  12 Hell Sentinels
  12 tentacled monstrosities
  10 Orb Guardians (Zot:5)
  2 titans
  8 liches
  A deep elf blademaster (Elf:3)
  3 quicksilver dragons (Vaults:5)
  A kraken (Abyss:4)
  5 acid blobs (Slime:2)
  5 ancient champions
  5 death cobs
  16 tentacled starspawn
  6 tengu reavers
  Kirke (Swamp:2)
  2 sphinxes
  25 Executioners
  16 storm dragons
  12 shadow dragons
  13 warmongers (Pan)
  4 revenants
  Roxanne (Spider:4)
  A daeva (Abyss:4)
  2 azure jellies (Slime:2)
  11 frost giants
  6 draconian knights
  Maud (Lair:4)
  3 draconian monks
  An orc warlord (Orc:2)
  5 ghost moths
  11 fire giants
  6 emperor scorpions
  Louise (Spider:1)
  Aizul (Spider:3)
  11 balrugs
  Donald (Orc:2)
  12 deep elf sorcerers
  5 curse skulls
  9 chaos champions (Pan)
  7 draconian scorchers
  2 draconian zealots
  18 cacodemons
  23 vault wardens
  2 draconian shifters
  3 deep elf elementalists (Elf:3)
  4 ghouls
  8 war gargoyles
  2 ophanim
  16 ironheart preservers
  28 very ugly things
  12 stone giants
  10 reapers
  8 green draconians
  6 corrupters (Pan)
  6 vampire knights
  4 draconian callers
  4 black draconians
  6 draconian annihilators
  8 blood saints (Pan)
  10 deep elf demonologists
  8 black suns (Pan)
  6 salamander stormcallers
  7 purple draconians
  3 spark wasps
  6 yellow draconians
  2 pale draconians (Depths:5)
  10 lorocyprocas
  13 deep elf annihilators
  4 white draconians
  4 red draconians
  10 mottled draconians
  6 eidola
  9 blizzard demons (Pan)
  15 ettins
  2 quicksilver dragon zombies
  2 minotaurs
  19 crystal guardians
  Josephine (D:13)
  8 great orbs of eyes
  17 fire dragons
  39 vault guards
  7 deep elf death magi
  9 green deaths
  4 deep elf high priests
  A kraken zombie (Hell)
  6 jiangshi (Crypt:1)
  A minotaur (shapeshifter) (Vaults:2)
  11 yaktaur captains
  A fire dragon (shapeshifter) (Vaults:5)
  A great orb of eyes (shapeshifter) (Depths:2)
  14 entropy weavers
  An ice dragon (shapeshifter) (Depths:2)
  A quicksilver dragon skeleton (Crypt:2)
  21 hydras
  25 ice dragons
  6 rakshasas
  A ghost crab (shapeshifter) (Depths:3)
  3 hell beasts (Pan)
  3 alligators
  10 monstrous demonspawn
  14 ogre magi
  2 spriggan air magi
  A catoblepas (Lair:7)
  An anaconda (shapeshifter) (Depths:2)
  5 death knights
  12 death yaks
  2 merfolk aquamancers (Crypt:2)
  11 centaur warriors
  2 deep troll shamans
  A tengu warrior (Depths:2)
  11 hell hogs
  10 deep troll earth magi
  9 vampire magi
  28 thrashing horrors
  3 spriggan berserkers
  Urug (Lair:3)
  5 orc high priests
  3 shock serpents (shapeshifter)
  3 iron golems
  16 hell knights
  An iron troll (Depths:1)
  26 wretched stars
  32 sun demons
  5 fire crabs
  47 soul eaters
  13 spriggans
  9 shadow wraiths
  25 skeletal warriors
  27 deep elf knights
  2 storm dragon skeletons
  2 anaconda zombies
  5 infernal demonspawn (Pan)
  69 large abominations
  A death drake (Abyss:4)
  8 spatial maelstroms
  An unseen horror (shapeshifter) (Vaults:2)
  2 flayed ghosts
  2 fire crabs (shapeshifter)
  A salamander mystic (D:15)
  A quicksilver dragon simulacrum (Abyss:3)
  3 obsidian statues (Depths:2)
  4 wizards
  14 phantasmal warriors
  A hill giant (shapeshifter) (Depths:3)
  48 starcursed masses
  A swamp dragon (shapeshifter) (WizLab)
  17 gelid demonspawn (Pan)
  10 giant orange brains
  10 shadow demons
  9 torturous demonspawn (Pan)
  A golden dragon skeleton (Abyss:1)
  4 anaconda skeletons
  17 deep trolls
  8 unseen horrors
  4 swamp dragons (Swamp:4)
  A lindwurm (shapeshifter) (WizLab)
  19 ironbrand convokers
  10 deep elf archers
  2 giant orange brains (shapeshifter)
  The ghost of grom234 the Shield-Bearer, a novice DDFi of Makhleb (D:5)
  A shambling mangrove (Swamp:3)
  The ghost of M4edhros the Slinger, a novice OpWn (D:7)
  12 putrid demonspawn (Pan)
  An orange crystal statue (Depths:1)
  2 mana vipers (shapeshifter)
  9 necromancers
  An orb spider (shapeshifter) (Vaults:4)
  Pikel (D:5)
  3 wolf spider zombies
  13 orb spiders
  8 hill giants
  31 wolf spiders
  5 shining eyes
  10 cyclopes
  A sphinx zombie (Crypt:1)
  A harpy (Vaults:1)
  A harpy (shapeshifter) (Depths:2)
  20 orc knights
  A frost giant zombie (Abyss:2)
  62 ugly things
  A glowing shapeshifter (Depths:5)
  2 manticores
  76 deep elf magi
  A hornet (shapeshifter) (Depths:3)
  A wolf spider (shapeshifter) (Depths:3)
  A griffon (shapeshifter) (Depths:2)
  A fire giant zombie (Crypt:1)
  4 griffons
  7 orc sorcerers
  3 salamanders
  A cyclops (shapeshifter) (WizLab)
  An iron dragon skeleton (Abyss:3)
  5 hornets
  A stone giant skeleton (Crypt:1)
  3 salamanders (shapeshifter)
  3 stone giant zombies
  5 fire giant skeletons
  12 worldbinders
  22 vault sentinels
  18 rust devils
  2 naga magi (D:15)
  2 guardian serpents (shapeshifter)
  19 moths of wrath
  29 sixfirhies
  46 smoke demons
  15 elephants
  2 ice statues
  An octopode (shapeshifter) (WizLab)
  5 black mambas
  A hell hog skeleton (Crypt:3)
  A guardian serpent (Abyss:3)
  2 eyes of devastation
  5 molten gargoyles
  A frost giant skeleton (Abyss:3)
  17 orange demons
  16 spiny frogs
  3 gargoyles
  A torpor snail (Lair:3)
  5 apocalypse crabs
  A water nymph (shapeshifter) (Depths:2)
  7 centaur skeletons
  2 human skeletons (Vaults:3)
  9 hellions (Pan)
  A catoblepas zombie (Crypt:1)
  A spiny frog (shapeshifter) (WizLab)
  2 rime drakes (shapeshifter)
  10 komodo dragons
  2 pale draconian zombies
  2 rime drakes (Lair:6)
  20 freezing wraiths
  6 kobold demonologists
  3 yaktaurs (shapeshifter)
  A catoblepas skeleton (Crypt:1)
  5 efreet
  18 hellwings
  29 demonic crawlers
  A red draconian skeleton (Crypt:3)
  23 ancient zymes
  12 tormentors
  2 spriggan druids
  A tengu conjurer (D:14)
  28 yaktaurs
  6 ice devils
  A silent spectre (Crypt:2)
  19 red devils
  A jumping spider (shapeshifter) (WizLab)
  2 trolls (shapeshifter)
  3 wind drakes (shapeshifter)
  11 trolls
  32 jumping spiders
  A giant leech (shapeshifter) (Depths:2)
  2 wind drakes (Depths:2)
  A golden dragon simulacrum (Crypt:2)
  14 polar bears
  2 merfolk (shapeshifter) (Depths:2)
  An ettin zombie (Vaults:3)
  A death drake zombie (Crypt:3)
  29 blink frogs
  A polar bear (shapeshifter) (D:14)
  20 two-headed ogres
  8 giant leeches
  4 hydra zombies
  A hydra skeleton (Hell)
  A death drake skeleton (Crypt:1)
  83 slime creatures
  43 raiju
  12 bog bodies
  8 boulder beetles
  A raiju (shapeshifter) (Vaults:4)
  An alligator zombie (Hell)
  A frost giant simulacrum (Crypt:1)
  A fire giant simulacrum (Vaults:3)
  13 flying skulls
  2 centaur simulacra (D:15)
  11 water elementals
  Sigmund (D:4)
  62 yaks
  24 shadows
  8 air elementals
  4 vampires
  A spriggan (shapeshifter) (Depths:3)
  3 tarantellas (shapeshifter)
  64 ynoxinuls
  An alligator skeleton (Hell)
  An ettin skeleton (Pan)
  2 fire dragon skeletons
  2 ice dragon skeletons
  93 redbacks
  A hog (shapeshifter) (WizLab)
  31 tarantellas
  13 fire bats
  3 humans (shapeshifter)
  A wyvern (shapeshifter) (Depths:2)
  A yak (shapeshifter) (Depths:1)
  2 hogs
  22 neqoxecs
  14 wraiths
  A basilisk (shapeshifter) (WizLab)
  15 fire elementals
  39 small abominations
  3 hungry ghosts
  3 golden eyes (shapeshifter)
  3 basilisks
  12 hippogriffs
  24 chaos spawn
  9 steam dragons
  A hippogriff (shapeshifter) (WizLab)
  33 vampire mosquitoes
  A redback simulacrum (D:15)
  5 golden eyes
  9 spatial vortices
  7 wargs
  A swamp worm (shapeshifter) (Depths:2)
  15 insubstantial wisps
  12 mottled dragons
  A soldier ant (shapeshifter) (Depths:2)
  A naga (shapeshifter) (Abyss:3)
  A spiny frog zombie (Hell)
  21 swamp worms
  10 water moccasins
  18 hell hounds
  A putrid demonspawn skeleton (Crypt:2)
  11 sky beasts
  10 porcupines
  2 ice beasts (D:10)
  Duvessa (D:7)
  A sky beast (shapeshifter) (Depths:2)
  55 orc warriors
  9 swamp drakes
  4 phantoms
  12 black bears
  6 eyes of draining
  An eye of draining (shapeshifter) (Depths:2)
  4 necrophages
  19 wasps
  A tengu (shapeshifter) (Vaults:5)
  31 wolves
  50 ogres
  4 boggarts
  2 snapping turtle skeletons (Abyss:4)
  A lindwurm skeleton (Crypt:1)
  2 swamp dragon skeletons
  18 centaurs
  12 crocodiles
  8 big kobolds
  26 giant frogs
  A gnoll sergeant (D:7)
  10 earth elementals
  An elf skeleton (Crypt:3)
  A wyvern zombie (D:12)
  Dowan (D:7)
  A spriggan zombie (Crypt:3)
  3 troll zombies
  3 wyvern skeletons
  6 scorpions
  A water moccasin skeleton (D:10)
  10 killer bees
  37 wights
  8 electric eels
  3 howler monkeys
  5 crimson imps
  A black bear zombie (Crypt:3)
  13 quasits
  A wasp zombie (D:13)
  5 centaur zombies
  3 giant frog zombies
  25 orc priests
  29 orc wizards
  8 hounds
  10 jellies
  A giant frog skeleton (D:12)
  6 iron imps
  A gnoll shaman (D:7)
  16 iguanas
  13 worker ants
  A killer bee zombie (D:9)
  A sheep (shapeshifter) (Vaults:3)
  A naga zombie (Crypt:1)
  14 sheep
  4 ogre zombies (D:10)
  A dwarf skeleton (Crypt:1)
  A hound skeleton (D:5)
  A mummy (Crypt:2)
  A howler monkey zombie (Crypt:2)
  A worker ant zombie (D:5)
  16 gnolls
  14 adders
  49 river rats
  A river rat (shapeshifter) (Depths:2)
  A steam dragon skeleton (Crypt:3)
  6 shadow imps
  7 white imps
  5 giant eyeballs
  3 ufetubi
  6 oozes
  An adder skeleton (D:6)
  An adder zombie (D:9)
  A worm (shapeshifter) (Depths:2)
  5 worms
  A ball lightning (Depths:2)
  2 dart slugs (D:1)
  9 giant geckos
  92 orcs
  6 ball pythons
  6 giant cockroaches
  11 goblins
  6 hobgoblins
  7 jackals
  3 quokkas
  A ball python zombie (Crypt:2)
  5 bats
  A giant newt (shapeshifter) (Vaults:5)
  A giant newt (D:1)
  A goblin zombie (D:10)
  A hobgoblin skeleton (D:10)
  2 hobgoblin zombies (D:10)
  A jackal skeleton (D:5)
  A jackal zombie (Crypt:2)
  36 kobolds
  15 orc zombies (D:10)
  A quokka zombie (Crypt:1)
  15 rats
  A rat skeleton (Crypt:2)
  A butterfly (Lair:7)
  4 fire vortices
  A lost soul (Crypt:3)
  4 lurking horrors
  14 starspawn tentacles
  5 tentacles
3973 creatures vanquished.

Vanquished Creatures (collateral kills)
  Gloorx Vloq (Pan)
  A yellow draconian (Zot:3)
  A green death (Pan)
  A hellion (Pan)
  A mummy (Crypt:2)
5 creatures vanquished.

Vanquished Creatures (others)
  2 deep elf master archers (Elf:3)
  A draconian scorcher (Zot:1)
  A blood saint (Pan)
  2 deep elf elementalists
  A stone giant (Vaults:3)
  3 yaktaur captains
  An ice dragon (Vaults:3)
  A centaur warrior (Depths:4)
  A hydra (Swamp:4)
  41 dancing weapons
  A deep elf knight (Vaults:5)
  An unseen horror (shapeshifter) (Vaults:2)
  A swamp dragon (Swamp:4)
  A putrid demonspawn (Pan)
  2 deep elf archers
  A deep elf mage (Vaults:4)
  2 cyclopes
  A sixfirhy (Abyss:3)
  A smoke demon (Abyss:2)
  An orange demon (Pan)
  A tormentor (Pan)
  5 yaktaurs
  2 hellwings (Pan)
  A wolf spider simulacrum (D:14)
  2 raiju
  2 air elementals (Depths:2)
  2 ynoxinuls (Pan)
  A hog (shapeshifter) (WizLab)
  2 water elementals
  A chaos spawn (Abyss:2)
  A hippogriff (D:14)
  A mottled dragon (shapeshifter) (Vaults:5)
  A mottled dragon (Swamp:4)
  A harpy simulacrum (Abyss:4)
  An orc warrior (Vaults:5)
  3 slaves (D:5)
  A swamp drake (Swamp:4)
  2 centaurs (Depths:4)
  3 small abominations
  A shadow imp (D:5)
  13 ball lightnings (Depths:2)
  A giant gecko (D:5)
  2 orcs (Orc:2)
  A demonic plant (Pan)
  6 fungi
  4 lost souls
  7 plants
  15 spectral weapons
  29 starspawn tentacles
  410 starspawn tentacle segments
  8 tentacles
  276 tentacle segments
872 creatures vanquished.

Grand Total: 4850 creatures vanquished

Notes
Turn   | Place    | Note
--------------------------------------------------------------
     0 | D:1      | M4edhros the Octopode Wanderer began the quest for the Orb.
     0 | D:1      | M4edhros set off with: a +2 hand crossbow, 28 bolts, a potion of curing, a potion of lignification, a +0 dagger, a bread ration
     0 | D:1      | Reached XP level 1. HP: 21/21 MP: 1/1
   102 | D:1      | Reached skill level 1 in Dodging
   143 | D:1      | Reached XP level 2. HP: 25/27 MP: 2/2
   622 | D:2      | You fall through a shaft!
   629 | D:3      | Reached skill level 1 in Short Blades
   629 | D:3      | Reached XP level 3. HP: 32/32 MP: 3/3
   815 | D:3      | Found a shimmering altar of Xom.
   817 | D:3      | Found a shimmering altar of Xom.
   938 | D:3      | Found a shimmering altar of Xom.
   941 | D:3      | Became a worshipper of Xom of Chaos
   981 | D:2      | Reached XP level 4. HP: 14/38 MP: 4/4
  1946 | D:2      | XOM: silly message
  2241 | D:2      | XOM: mild Necr miscast
  2336 | D:2      | XOM: god gift: 14 gold pieces
  2367 | D:2      | Found a sacrificial altar of Ru.
  2439 | D:2      | XOM: harmless Necr miscast
  2441 | D:2      | XOM: 2-stop teleportation journey
  2446 | D:2      | XOM: give mutations
  2446 | D:2      | Gained mutation: You are partially covered in slimy green scales (AC +2). [Xom's grace]
  2446 | D:2      | Gained mutation: You are robust (+10% HP). [Xom's grace]
  2446 | D:2      | Gained mutation: Your system is resistant to poisons. [Xom's grace]
  2446 | D:2      | Gained mutation: You are resistant to hostile enchantments. [Xom's grace]
  2779 | D:2      | XOM is BORED!
  2779 | D:2      | XOM: give mutations
  2779 | D:2      | Lost mutation: You are robust (+10% HP). [Xom's mischief]
  2779 | D:2      | Gained mutation: Your spells are a little easier to cast, but a little less powerful. [Xom's mischief]
  2779 | D:2      | Lost mutation: Your spells are a little easier to cast, but a little less powerful. [Xom's mischief]
  2800 | D:2      | XOM: vitrification
  2962 | D:2      | XOM: god gift: fizzy coppery potion
  3290 | D:2      | XOM: harmless Chrm miscast
  3831 | D:2      | Gained mutation: Scrolls take you a little longer to read. [potion of mutation]
  3831 | D:2      | Gained mutation: You are partially covered in icy blue scales (AC +1). [potion of mutation]
  3831 | D:2      | Gained mutation: You are highly resistant to hostile enchantments. [potion of mutation]
  3832 | D:2      | Gained mutation: Your magical capacity is low (-10% MP). [potion of mutation]
  3832 | D:2      | Gained mutation: You evolve. [potion of mutation]
  3948 | D:1      | XOM: harmless Air miscast
  4056 | D:1      | XOM: scenery: 2 doors open, 1 doors close
  4254 | D:1      | XOM: scenery: 2 doors open, 1 doors close
  4268 | D:1      | XOM: god gift: scroll labeled UPLOUL KUDUOL
  4725 | D:1      | XOM: divination: detect items
  4823 | D:1      | XOM: colour smoke trail
  4908 | D:1      | Lost mutation: Your magical capacity is low (-10% MP). [evolution]
  5274 | D:1      | XOM: give mutations
  5274 | D:1      | Lost mutation: You are highly resistant to hostile enchantments. [Xom's mischief]
  5274 | D:1      | Gained mutation: Your flesh is heat resistant. [Xom's mischief]
  5274 | D:1      | Gained mutation: Your magical capacity is low (-10% MP). [Xom's mischief]
  5274 | D:1      | Lost mutation: Your magical capacity is low (-10% MP). [Xom's mischief]
  5378 | D:1      | XOM is BORED!
  5694 | D:1      | XOM: colour smoke trail
  5828 | D:3      | Reached skill level 5 in Stealth
  5839 | D:3      | Reached XP level 5. HP: 43/43 MP: 5/5
  5917 | D:3      | XOM: enchant monster (bad)
  6482 | D:3      | XOM: mild Conj miscast
  7206 | D:3      | XOM: polymorph bat -> river rat
  7208 | D:3      | Reached skill level 1 in Slings
  7619 | D:3      | XOM: scenery: create altars
  7636 | D:3      | Gained mutation: Your spells are a little harder to cast, but a little more powerful. [evolution]
  7722 | D:3      | XOM: scenery: create altars
  8164 | D:3      | XOM: harmless Divn miscast
  8276 | D:3      | XOM: god gift: garnet ring {god gift}
  8498 | D:3      | XOM is BORED!
  8498 | D:3      | XOM: mild Air miscast
  8950 | D:3      | XOM: give mutations
  8950 | D:3      | Gained mutation: Your muscles are strong. (Str +2) [Xom's grace]
  8950 | D:3      | Gained mutation: You are partially covered in thin metallic scales (AC +2). [Xom's grace]
  8950 | D:3      | Gained mutation: You are resistant to electric shocks. [Xom's grace]
  9451 | D:3      | XOM: give mutations
  9451 | D:3      | Gained mutation: You possess an exceptional clarity of mind. [Xom's grace]
  9451 | D:3      | Gained mutation: Your spells are harder to cast, but more powerful. [Xom's grace]
  9921 | D:3      | XOM: give mutations
  9921 | D:3      | Lost mutation: Scrolls take you a little longer to read. [Xom's mischief]
  9921 | D:3      | Lost mutation: You evolve. [Xom's mischief]
 10106 | D:3      | XOM: scenery: create altars
 10780 | D:3      | XOM: vitrification
 10857 | D:3      | XOM: scenery: create altars
 10916 | D:4      | XOM: polymorph orc -> goblin
 10923 | D:4      | Reached XP level 6. HP: 49/49 MP: 6/6
 10946 | D:4      | Noticed Sigmund
 10949 | D:4      | Killed Sigmund
 10999 | D:4      | Reached XP level 7. HP: 50/54 MP: 7/7
 11085 | D:4      | Found an opulent altar of Gozag.
 11378 | D:4      | Found a glowing drain.
 11391 | Sewer    | Entered a sewer
 11405 | Sewer    | XOM: 1-stop teleportation journey
 11515 | Sewer    | Found a white marble altar of Elyvilon.
 11725 | Sewer    | XOM is BORED!
 11816 | Sewer    | XOM: scenery: create altars
 12092 | Sewer    | XOM: 1-stop teleportation journey
 12202 | Sewer    | XOM: vitrification
 12419 | Sewer    | XOM: god gift: twisted glass wand {god gift}
 13118 | Sewer    | XOM: give mutations
 13118 | Sewer    | Gained mutation: Your flesh is very heat resistant. [Xom's grace]
 13118 | Sewer    | Gained mutation: Your flesh is almost immune to the effects of heat. [Xom's grace]
 13118 | Sewer    | Gained mutation: You passively map a small area around you. [Xom's grace]
 13925 | Sewer    | XOM: noise
 14255 | Sewer    | XOM: god gift: 39 gold pieces
 14762 | Sewer    | XOM: summons 4 hostile shadow creatures
 14908 | Sewer    | XOM: give mutations
 14908 | Sewer    | Gained mutation: You passively map the area around you. [Xom's grace]
 14908 | Sewer    | Gained mutation: Your skin blends seamlessly with your surroundings (Stealth). [Xom's grace]
 15016 | Sewer    | XOM: god gift: whip {god gift}
 15418 | Sewer    | XOM: vitrification
 15955 | Sewer    | XOM: give mutations
 15955 | Sewer    | Gained mutation: You are highly resistant to hostile enchantments. [Xom's grace]
 15955 | Sewer    | Gained mutation: You are extremely resistant to the effects of hostile enchantments. [Xom's grace]
 16251 | Sewer    | XOM: give mutations
 16251 | Sewer    | Gained mutation: One of your tentacles bears a spike. [Xom's grace]
 16251 | Sewer    | Gained mutation: You have a pair of small antennae on your head. [Xom's grace]
 16251 | Sewer    | Gained mutation: You evolve. [Xom's grace]
 16251 | Sewer    | Gained mutation: Your flesh is cold resistant. [Xom's grace]
 16345 | Sewer    | XOM: give mutations
 16345 | Sewer    | Gained mutation: You are agile. (Dex +2) [Xom's grace]
 16345 | Sewer    | Gained mutation: You are robust (+10% HP). [Xom's grace]
 16345 | Sewer    | Gained mutation: Your spells are much harder to cast, but much more powerful. [Xom's grace]
 16460 | Sewer    | XOM: give mutation
 16460 | Sewer    | Gained mutation: You have a beak for a mouth. [Xom's grace]
 16624 | Sewer    | XOM is BORED!
 16698 | Sewer    | XOM: god gift: scroll labeled KOPSUTZ MIOPSO
 16739 | Sewer    | XOM: enchant monster (good)
 16780 | D:4      | Fell from the grace of Xom
 16780 | D:4      | Became a worshipper of Gozag Ym Sagoz the Greedy
 16898 | D:4      | Found a deep blue altar of Sif Muna.
 17122 | D:5      | Entered Level 5 of the Dungeon
 17351 | D:5      | Noticed Pikel
 17362 | D:5      | Killed Pikel
 17362 | D:5      | Reached XP level 8. HP: 27/66 MP: 8/8
 17565 | D:5      | Found a radiant altar of Vehumet.
 17734 | D:5      | XOM: mild Erth miscast
 17839 | D:5      | Found a staircase to the Ecumenical Temple.
 18051 | D:5      | Reached skill level 10 in Stealth
 18072 | D:5      | Noticed grom234's ghost (novice DDFi)
 18191 | D:6      | Reached skill level 5 in Dodging
 18224 | D:6      | Reached XP level 9. HP: 70/70 MP: 9/9
 18323 | D:6      | XOM: noise
 18362 | D:6      | Found a burning altar of Makhleb.
 18637 | D:6      | Found a sparkling altar of Nemelex Xobeh.
 18897 | D:7      | Found an iron altar of Okawaru.
 18934 | D:7      | Noticed Duvessa
 18936 | D:7      | Noticed Dowan
 18941 | D:7      | Killed Duvessa
 18941 | D:7      | Reached skill level 5 in Short Blades
 18945 | D:7      | Killed Dowan
 19008 | D:7      | Noticed M4edhros's ghost (novice OpWn)
 19033 | D:8      | Found a white marble altar of Elyvilon.
 19051 | D:8      | Found a shattered altar of Ashenzari.
 19236 | D:7      | Reached skill level 5 in Slings
 19275 | D:7      | XOM: noise
 19468 | D:7      | Bought a glowing shield for 121 gold pieces
 19600 | D:7      | XOM: god gift: scroll of amnesia
 19650 | D:7      | Gained mutation: One of your tentacles bears a nasty spike. [evolution]
 19854 | D:7      | Found a sparkling altar of Nemelex Xobeh.
 19895 | D:7      | Noticed Joseph
 19931 | D:7      | Reached skill level 1 in Shields
 20106 | D:7      | XOM: god gift: 12 poisoned sling bullets
 20138 | D:7      | Got a pitted glass ring
 20208 | D:7      | Identified the ring "Elosk" {*Confuse rC+ Dex+5 Stlth+} (You found it on level 7 of the Dungeon)
 20248 | D:7      | Reached skill level 2 in Shields
 20314 | D:5      | XOM: medium Air miscast
 20348 | D:5      | Killed grom234's ghost
 20348 | D:5      | Reached XP level 10. HP: 33/78 MP: 10/10
 20429 | D:5      | Reached skill level 3 in Shields
 20616 | D:7      | Killed M4edhros's ghost
 20627 | D:8      | Noticed an unseen horror
 20628 | D:8      | Killed an unseen horror
 20628 | D:8      | Reached skill level 4 in Shields
 20772 | D:8      | Found a staircase to the Lair.
 20910 | D:8      | Found a shadowy altar of Dithmenos.
 20959 | D:9      | Reached skill level 5 in Shields
 21032 | D:9      | XOM: severe Erth miscast
 21352 | D:9      | Reached XP level 11. HP: 68/82 MP: 11/11
 21373 | D:9      | Reached skill level 6 in Shields
 21553 | D:9      | XOM: summons 9 hostile demons
 21554 | D:9      | Noticed a soul eater
 21573 | D:9      | Lost mutation: You are agile. (Dex +2) [a neqoxec]
 21759 | D:9      | XOM: give mutations
 21759 | D:9      | Lost mutation: You are partially covered in thin metallic scales (AC +2). [Xom's mischief]
 21759 | D:9      | Lost mutation: You have a pair of small antennae on your head. [Xom's mischief]
 22093 | D:10     | Entered Level 10 of the Dungeon
 22251 | D:10     | XOM: give mutation
 22251 | D:10     | Lost mutation: Your system is resistant to poisons. [Xom's mischief]
 22306 | D:10     | Found a runed door.
 22306 | D:10     | Noticed a manticore
 22324 | D:10     | Killed a manticore
 22381 | D:10     | Gained mutation: Your flesh is very cold resistant. [evolution]
 22476 | D:10     | XOM: mild Hex miscast
 22494 | D:10     | XOM: give mutations
 22494 | D:10     | Lost mutation: One of your tentacles bears a nasty spike. [Xom's mischief]
 22494 | D:10     | Lost mutation: One of your tentacles bears a spike. [Xom's mischief]
 22494 | D:10     | Lost mutation: You evolve. [Xom's mischief]
 22570 | D:10     | XOM: mild Pois miscast
 22588 | D:10     | Found a staircase to the Orcish Mines.
 22714 | D:10     | Reached skill level 15 in Stealth
 22714 | D:10     | Reached skill level 7 in Shields
 23280 | D:10     | Noticed an unseen horror
 23283 | D:10     | Killed an unseen horror
 23381 | D:10     | Noticed a deep troll
 23383 | D:10     | Killed a deep troll
 23387 | D:10     | Noticed a hill giant
 23390 | D:10     | Killed a hill giant
 23397 | D:10     | Noticed a brown ugly thing
 23399 | D:10     | Killed a brown ugly thing
 23402 | D:10     | Noticed a fire dragon
 23402 | D:10     | Noticed a frost giant
 23404 | D:10     | Killed a frost giant
 23404 | D:10     | Reached skill level 8 in Shields
 23404 | D:10     | Reached XP level 12. HP: 89/89 MP: 12/12
 23411 | D:10     | Killed a fire dragon
 23431 | D:10     | Identified Sif Muna's Disquisition on the Unstable Escort
 23712 | D:11     | Reached skill level 9 in Shields
 24023 | D:11     | Reached skill level 1 in Long Blades
 24114 | D:11     | XOM: god gift: chain mail {god gift}
 24163 | D:11     | XOM: medium Divn miscast
 24345 | D:12     | XOM: medium Tloc miscast
 24374 | D:12     | Found a frozen archway.
 24434 | IceCv    | Entered an ice cave
 24456 | IceCv    | XOM: medium Summ miscast
 24651 | IceCv    | XOM: mild Necr miscast
 24651 | IceCv    | Was forgiven by Xom
 24903 | IceCv    | Noticed a frost giant
 24954 | IceCv    | Killed a frost giant
 24954 | IceCv    | Reached skill level 10 in Shields
 25002 | IceCv    | Reached skill level 5 in Long Blades
 25014 | IceCv    | Reached XP level 13. HP: 38/94 MP: 13/13
 25823 | D:12     | Reached skill level 11 in Shields
 26446 | D:13     | Reached skill level 10 in Dodging
 26634 | D:13     | Noticed Josephine
 26697 | D:13     | Killed Josephine
 26777 | D:13     | Reached skill level 12 in Shields
 26806 | D:13     | Got a steaming bronze ring
 26823 | D:13     | Found a gate to the Vaults.
 26887 | D:13     | Found an oddly glowing altar of Pakellas.
 26887 | D:13     | Found Pakellas's Prime Provisions.
 27267 | D:14     | Reached XP level 14. HP: 60/101 MP: 14/14
 27548 | D:14     | Identified the ring of Salvation {*Tele rElec Str+4 Dex+7} (You took it off a yaktaur on level 13 of the Dungeon)
 27927 | D:14     | Found Lynasita's Gadget Emporium.
 27935 | D:14     | Bought a wand of heal wounds (4/9) for 624 gold pieces
 28006 | D:14     | Found a stormy altar of Qazlal.
 28141 | D:15     | Entered Level 15 of the Dungeon
 28300 | Lair:1   | Entered Level 1 of the Lair of Beasts
 28476 | Lair:1   | Gained mutation: Your mind is acute. (Int +2) [potion of beneficial mutation]
 28477 | Lair:1   | Gained mutation: You are covered in fur (AC +1). [potion of beneficial mutation]
 28996 | Lair:2   | Reached skill level 13 in Shields
 29541 | Lair:3   | Reached skill level 10 in Long Blades
 29636 | Lair:3   | Found a hole to the Spider Nest.
 29772 | Lair:3   | Found a dark tunnel.
 29797 | Volcano  | Entered a volcano
 30046 | Lair:3   | Noticed Urug
 30056 | Lair:3   | Killed Urug
 30291 | Lair:3   | Found a runed door.
 30551 | Lair:3   | Found a staircase to the Swamp.
 30961 | Lair:4   | Noticed Maud
 31367 | D:15     | Noticed a salamander stormcaller
 31376 | D:15     | Killed a salamander stormcaller
 31445 | D:15     | Found a deep blue altar of Sif Muna.
 31469 | D:15     | Reached XP level 15. HP: 106/106 MP: 15/15
 32288 | Lair:1   | Bought a glowing hunting sling for 37 gold pieces
 32522 | Lair:4   | Killed Maud
 33014 | Lair:5   | Reached skill level 14 in Shields
 33778 | Lair:6   | Found a labyrinth entrance.
 33831 | Lab      | Entered a labyrinth
 34039 | Lab      | Got a flickering tin amulet
 34039 | Lab      | Identified Xaghoill's Guide on Glacial Translocation
 34042 | Lab      | Identified the amulet of Goaxan {Regen+ Str+4} (You found it in a labyrinth)
 34050 | Lab      | Got a pitted blowgun
 34051 | Lab      | Identified the +6 blowgun "Cireleeh" {evade, Str+4} (You found it in a labyrinth)
 34057 | Lab      | Got a crude hand axe
 34058 | Lab      | Identified the +9 hand axe of Corporal Punishment {freeze, MP+9} (You found it in a labyrinth)
 34256 | Lair:6   | Learned a level 3 spell: Static Discharge
 36158 | Lair:8   | Entered Level 8 of the Lair of Beasts
 36158 | Lair:8   | Found a staircase to the Slime Pits.
 36158 | Lair:8   | Found an oddly glowing altar of Pakellas.
 36236 | Lair:8   | Reached XP level 16. HP: 113/113 MP: 16/16
 36287 | Lair:8   | Reached skill level 15 in Shields
 37547 | Lair:8   | Lost mutation: You are robust (+10% HP). [potion of mutation]
 37547 | Lair:8   | Lost mutation: You passively map the area around you. [potion of mutation]
 37795 | Orc:1    | Entered Level 1 of the Orcish Mines
 37822 | Orc:1    | Found Esoolu's Gadget Shoppe.
 38011 | Orc:1    | Found a roughly hewn altar of Beogh.
 38271 | Orc:2    | Entered Level 2 of the Orcish Mines
 38301 | Orc:2    | Noticed Donald
 38314 | Orc:2    | Killed Donald
 38517 | Orc:2    | Found Liyt's Antique Armour Emporium.
 38651 | Orc:2    | Found Gulasop's General Store.
 38834 | Orc:2    | Found Alleruk's Antique Weapon Shoppe.
 38895 | Orc:2    | Found a staircase to the Elven Halls.
 38899 | Orc:2    | Found Umyfor's Jewellery Shoppe.
 39532 | Orc:2    | Bought an uncursed ring of poison resistance for 340 gold pieces
 39726 | Lair:1   | Bought a +6 ring of protection for 1248 gold pieces
 39827 | Swamp:1  | Entered Level 1 of the Swamp
 40754 | Swamp:2  | Reached skill level 10 in Fighting
 40990 | Swamp:2  | Reached XP level 17. HP: 115/115 MP: 17/17
 41107 | Swamp:2  | Noticed Kirke
 41127 | Swamp:2  | Killed Kirke
 41621 | Swamp:3  | Noticed Mara
 41652 | Swamp:3  | Noticed M4edhros's illusion
 41979 | Swamp:3  | Noticed M4edhros's illusion
 41984 | Swamp:3  | Killed Mara
 42130 | Swamp:4  | Entered Level 4 of the Swamp
 43209 | Swamp:4  | Got a decaying rune of Zot
 43828 | Vaults:1 | Entered Level 1 of the Vaults
 44089 | Vaults:1 | Reached XP level 18. HP: 51/129 MP: 18/18
 44959 | Spider:1 | Entered Level 1 of the Spider Nest
 44961 | Spider:1 | Noticed Louise
 45086 | Spider:1 | Killed Louise
 45131 | Spider:1 | Reached skill level 15 in Dodging
 46918 | Spider:3 | Identified a scroll of acquirement
 46937 | Spider:3 | Reached skill level 15 in Fighting
 47776 | Spider:3 | Noticed Aizul
 47788 | Spider:3 | Killed Aizul
 48113 | Spider:4 | Entered Level 4 of the Spider Nest
 48749 | Spider:4 | Reached XP level 19. HP: 141/141 MP: 19/19
 48944 | Spider:4 | Got a gossamer rune of Zot
 49105 | Spider:4 | Noticed Roxanne
 49171 | Spider:4 | Killed Roxanne
 49173 | Spider:4 | Identified Roxanne's Grimoire of Transmigration (You took it off Roxanne on level 4 of the Spider Nest)
 49915 | Elf:1    | Entered Level 1 of the Elven Halls
 50239 | Elf:1    | Reached skill level 16 in Shields
 50397 | Elf:1    | Identified the Tome of Combat Magic
 50793 | Elf:2    | Found a flickering gateway to a bazaar.
 50816 | Bazaar   | Entered a bazaar
 50816 | Bazaar   | Found Cigumeto's Antique Weapon Shop.
 50823 | Bazaar   | Found Yrubog's Book Shoppe.
 50849 | Bazaar   | Found Geiruvug's Food Emporium.
 50862 | Bazaar   | Found Ceoxuto's Antique Armour Shop.
 51014 | Elf:2    | Found a huge runed gate.
 51014 | Elf:2    | Found a huge runed gate.
 51014 | Elf:2    | Found a huge runed gate.
 51014 | Elf:2    | Found a huge runed gate.
 51022 | Elf:2    | Found a huge runed gate.
 51529 | Elf:3    | Entered Level 3 of the Elven Halls
 51605 | Elf:3    | Reached XP level 20. HP: 78/147 MP: 20/20
 51625 | Elf:3    | Reached skill level 17 in Shields
 52255 | Elf:3    | Identified Sif Muna's Volume of Aerial Changing
 52438 | Elf:3    | Noticed a Tzitzimitl
 52447 | Elf:3    | Reached skill level 1 in Maces & Flails
 52501 | Elf:3    | Got an ancient jade ring
 52502 | Elf:3    | Identified the ring "Soyloruz" {SustAt rC+ rN+ MR+} (You found it on level 3 of the Elven Halls)
 52533 | Elf:3    | Learned a level 3 spell: Gell's Gravitas
 52536 | Elf:3    | Identified the Papyrus of the Mutagenic Glacier
 52542 | Elf:3    | Learned a level 3 spell: Ozocubu's Armour
 53168 | Elf:3    | Found Igharchi's Food Emporium.
 53658 | Elf:2    | Reached skill level 5 in Maces & Flails
 53863 | Elf:2    | Noticed Saint Roka
 53888 | Elf:2    | Killed Saint Roka
 53909 | Elf:2    | Reached skill level 18 in Shields
 54318 | Lair:1   | Bought the +8 lance "Wyrmbane" {slay drac, +Rage rPois rF+ AC+5} for 2142 gold pieces
 54492 | Vaults:1 | Reached XP level 21. HP: 153/153 MP: 21/21
 55441 | Vaults:1 | Reached skill level 1 in Polearms
 56040 | Vaults:2 | Reached skill level 5 in Polearms
 56623 | Vaults:2 | Noticed Frederick
 56640 | Vaults:2 | Killed Frederick
 56649 | Vaults:2 | Reached skill level 19 in Shields
 56802 | Vaults:2 | Reached XP level 22. HP: 160/160 MP: 22/22
 57356 | Vaults:2 | Got a crystal short sword
 57357 | Vaults:2 | Identified the +2 short sword of Rihapn {elec, rC+ MP-9 Int+4 Dex+2} (You found it on level 2 of the Vaults)
 57368 | Vaults:2 | Learned a level 3 spell: Mephitic Cloud
 57371 | Vaults:2 | Learned a level 2 spell: Repel Missiles
 57374 | Vaults:2 | Learned a level 2 spell: Blink
 57598 | Vaults:3 | Reached skill level 1 in Translocations
 57608 | Vaults:3 | Reached skill level 1 in Ice Magic
 57616 | Vaults:3 | Reached skill level 1 in Charms
 57719 | Vaults:3 | Reached skill level 1 in Hexes
 58081 | Vaults:3 | Found a staircase to the Crypt.
 58081 | Vaults:3 | Found an ancient bone altar of Kikubaaqudgha.
 58083 | Vaults:3 | Found a basalt altar of Yredelemnul.
 59984 | Vaults:4 | Reached XP level 23. HP: 157/165 MP: 23/23
 60321 | Vaults:5 | Entered Level 5 of the Vaults
 60332 | Vaults:5 | Noticed a golden dragon
 60348 | Vaults:5 | Noticed an ancient lich
 60366 | Vaults:5 | Killed an ancient lich
 60369 | Vaults:5 | Killed a golden dragon
 60396 | Vaults:5 | Reached skill level 5 in Charms
 60405 | Vaults:5 | Reached skill level 5 in Translocations
 60453 | Vaults:5 | Reached skill level 5 in Hexes
 60475 | Vaults:5 | Reached skill level 5 in Ice Magic
 60559 | Vaults:5 | Noticed a golden dragon
 60582 | Vaults:5 | Reached skill level 1 in Air Magic
 60617 | Vaults:5 | Reached skill level 1 in Spellcasting
 60666 | Vaults:5 | Learned a level 3 spell: Tukima's Dance
 60677 | Vaults:5 | Got a silver rune of Zot
 60721 | Vaults:5 | Killed a golden dragon
 60899 | Vaults:5 | Identified the Guide on Transformation and Displacement
 61026 | Vaults:5 | Found Vahay's Magic Scroll Emporium.
 61026 | Vaults:5 | Found Buruc's Food Boutique.
 61075 | Vaults:5 | Found Motyu's Food Shop.
 61086 | Vaults:5 | Found Foklaec's Distillery.
 61090 | Vaults:5 | Bought a potion of heal wounds for 90 gold pieces
 61196 | Vaults:5 | Reached XP level 24. HP: 88/171 MP: 27/27
 61406 | Vaults:5 | Reached skill level 20 in Shields
 61543 | Vaults:5 | Got a smoking glass ring
 61555 | Vaults:5 | Got a wavering platinum ring
 61556 | Vaults:5 | Identified the ring "Dygugif" {Ice Stlth+} (You found it on level 5 of the Vaults)
 61557 | Vaults:5 | Identified the ring "Ciebill" {rCorr Str+6 Stlth+} (You took it off a vault warden on level 5 of the Vaults)
 61895 | Vaults:5 | Got a wavering granite ring
 61972 | Vaults:5 | Found Mus Kuith's Magic Scroll Shoppe.
 61973 | Vaults:5 | Identified the ring "Cotuq" {*Confuse rElec MR+ Str+2 Stlth+} (You found it on level 5 of the Vaults)
 61985 | Vaults:5 | Found Qilieth's Food Boutique.
 61985 | Vaults:5 | Found Qemmief's Distillery.
 61996 | Vaults:5 | Bought 2 potions of beneficial mutation for 910 gold pieces
 61996 | Vaults:5 | Gained mutation: Your muscles are very strong. (Str +4) [potion of beneficial mutation]
 61997 | Vaults:5 | Gained mutation: You are agile. (Dex +2) [potion of beneficial mutation]
 62000 | Vaults:5 | Bought a scroll of enchant armour for 90 gold pieces
 62000 | Vaults:5 | Bought a scroll of enchant armour for 90 gold pieces
 62064 | Vaults:5 | Found Urugeukh's Food Shoppe.
 62290 | Crypt:1  | Entered Level 1 of the Crypt
 62370 | Crypt:1  | Reached skill level 10 in Polearms
 62640 | Crypt:1  | Learned a level 3 spell: Regeneration
 62644 | Crypt:1  | Learned a level 3 spell: Spectral Weapon
 62647 | Crypt:1  | Learned a level 2 spell: Song of Slaying
 62650 | Crypt:1  | Learned a level 2 spell: Shroud of Golubria
 62806 | Crypt:1  | Reached skill level 5 in Air Magic
 62848 | Crypt:1  | Found a basalt altar of Yredelemnul.
 63553 | Crypt:2  | Noticed a greater mummy
 63554 | Crypt:2  | Noticed Khufu
 63624 | Crypt:2  | Killed Khufu
 63624 | Crypt:2  | Reached skill level 5 in Spellcasting
 63624 | Crypt:2  | Reached skill level 1 in Necromancy
 64347 | Crypt:2  | Killed a greater mummy
 64976 | Crypt:2  | Noticed an ancient lich
 64987 | Crypt:2  | Killed an ancient lich
 65081 | Crypt:2  | Got a flickering iron ring
 65082 | Crypt:2  | Identified the ring "Jeenud" {rPois rF+ MP+9} (You found it on level 2 of the Crypt)
 65575 | Crypt:2  | Reached XP level 25. HP: 177/177 MP: 32/32
 65685 | Crypt:3  | Entered Level 3 of the Crypt
 66012 | Crypt:3  | Found a staircase to the Tomb.
 66586 | Crypt:3  | Noticed an ancient lich
 66642 | Crypt:3  | Bought a heavily runed golden ring for 150 gold pieces
 66642 | Crypt:3  | Identified the ring of Zoneesha {rPois Int+2} (You bought it in a shop on level 3 of the Crypt)
 66713 | Crypt:3  | Killed an ancient lich
 66773 | Crypt:3  | Got a brightly glowing golden ring
 66773 | Crypt:3  | Got a scintillating bronze ring
 66774 | Crypt:3  | Identified the ring "Zeec" {rN+ Str+2} (You found it on level 3 of the Crypt)
 66775 | Crypt:3  | Identified the ring of Xuojeisch {rN+ Dex+2} (You found it on level 3 of the Crypt)
 66789 | Crypt:3  | Got a bloodstained trident
 66790 | Crypt:3  | Identified the +6 trident of Res Nullius {pain, MR+} (You found it on level 3 of the Crypt)
 67494 | Slime:1  | Entered Level 1 of the Pits of Slime
 67514 | Slime:2  | Reached skill level 5 in Necromancy
 67591 | Slime:2  | Lost mutation: Your muscles are very strong. (Str +4) [a shining eye]
 67735 | Slime:2  | Lost mutation: Your muscles are strong. (Str +2) [a shining eye]
 68938 | D:15     | Found a staircase to the Depths.
 68966 | Depths:1 | Entered Level 1 of the Depths
 69418 | Depths:1 | Found a runed door.
 69534 | Depths:1 | Identified the Incunabulum of Toxic Weightlessness
 69544 | Depths:1 | Learned a level 4 spell: Summon Lightning Spire
 69642 | Depths:1 | Found Furghuh's Jewellery Boutique.
 69675 | Depths:1 | Found a gateway to Hell.
 69886 | Depths:2 | Reached skill level 1 in Summonings
 69968 | Depths:2 | Found a one-way gate to the infinite horrors of the Abyss.
 69988 | Depths:2 | Reached XP level 26. HP: 183/183 MP: 35/35
 70376 | Depths:2 | Reached skill level 21 in Shields
 71332 | Vaults:5 | Learned a level 1 spell: Apportation
 71632 | Lair:2   | Learned a level 5 spell: Summon Forest
 72153 | Depths:2 | Identified a +3 rod of inaccuracy (14/14) (You found it on level 2 of the Depths)
 72161 | Depths:2 | Identified the Collected Works on Quantum Weightlessness
 72449 | Depths:3 | Found a magical portal.
 72456 | WizLab   | Entered Cigotuvi's Fleshworks
 72665 | WizLab   | Paralysed by a giant eyeball for 4 turns
 72675 | WizLab   | Paralysed by a giant eyeball for 2 turns
 72829 | WizLab   | Identified Cigotuvi's Papyrus of Ghastly Changing
 72839 | WizLab   | Identified Sif Muna's Reference Book on Transmigration
 73032 | WizLab   | Reached skill level 15 in Polearms
 73327 | WizLab   | Gained mutation: One of your tentacles bears a spike. [potion of beneficial mutation]
 73328 | WizLab   | Gained mutation: You are partially covered in molten scales (AC +1). [potion of beneficial mutation]
 73329 | WizLab   | Gained mutation: Your flesh is almost immune to the effects of cold. [potion of beneficial mutation]
 73560 | Depths:3 | Reached skill level 5 in Summonings
 73563 | Depths:3 | Found a one-way gate leading to the halls of Pandemonium.
 73753 | Depths:3 | Paralysed by a giant eyeball for 4 turns
 74508 | Depths:4 | Reached XP level 27. HP: 181/189 MP: 36/36
 74659 | Depths:4 | Reached skill level 10 in Translocations
 74779 | Depths:4 | Found a basalt altar of Yredelemnul.
 75279 | Depths:5 | Entered Level 5 of the Depths
 75583 | Depths:5 | Found Eda Gynk's Antique Weapon Boutique.
 75594 | Depths:5 | Found a gateway to a ziggurat.
 75921 | Depths:5 | Found a gate to the Realm of Zot.
 76120 | Zot:1    | Entered Level 1 of the Realm of Zot
 76254 | Zot:1    | Reached skill level 10 in Slings
 77299 | Zot:2    | Reached skill level 10 in Spellcasting
 77517 | Zot:2    | Reached skill level 22 in Shields
 78643 | Zot:4    | Reached skill level 10 in Summonings
 79433 | Zot:5    | Entered Level 5 of the Realm of Zot
 79818 | Zot:5    | Reached skill level 23 in Shields
 79963 | Zot:5    | Noticed an ancient lich
 79963 | Zot:5    | Noticed an ancient lich
 79963 | Zot:5    | Noticed an ancient lich
 80251 | Hell     | Entered the Vestibule of Hell
 80251 | Hell     | Noticed Geryon
 80473 | Hell     | Killed Geryon
 80561 | Hell     | Found a gateway to the ashen valley of Gehenna.
 80647 | Hell     | Found a gateway to the Iron City of Dis.
 80756 | Hell     | Found a gateway to the decaying netherworld of Tartarus.
 81069 | D:8      | Fell from the grace of Gozag
 81069 | D:8      | Became a worshipper of Dithmenos the Shadowed
 81822 | Hell     | Found a gateway to the freezing wastes of Cocytus.
 82075 | Depths:2 | Voluntarily entered the Abyss.
 82389 | Abyss:1  | Paralysed by you for 5 turns
 82396 | Abyss:1  | Found a corrupted altar of Lugonu.
 82759 | Abyss:1  | Reached * piety under Dithmenos
 82943 | Abyss:1  | Reached skill level 15 in Slings
 83015 | Abyss:1  | Found a corrupted altar of Lugonu.
 83078 | Abyss:1  | Found a corrupted altar of Lugonu.
 83314 | Abyss:2  | Reached ** piety under Dithmenos
 83337 | Abyss:2  | Found a stormy altar of Qazlal.
 83372 | Abyss:2  | Reached skill level 24 in Shields
 83575 | Abyss:3  | Reached *** piety under Dithmenos
 84389 | Abyss:3  | Reached **** piety under Dithmenos
 84900 | Abyss:4  | Paralysed by accursed screaming for 2 turns
 84920 | Depths:2 | Escaped the Abyss
 84999 | Depths:2 | Voluntarily entered the Abyss.
 85538 | Depths:2 | Escaped the Abyss
 86144 | Vaults:5 | Bought a scroll of enchant weapon for 120 gold pieces
 86164 | Vaults:5 | Bought a scroll of enchant weapon for 150 gold pieces
 86164 | Vaults:5 | Bought a scroll of recharging for 190 gold pieces
 86961 | Temple   | Entered the Ecumenical Temple
 86970 | Temple   | Fell from the grace of Dithmenos
 86970 | Temple   | Became a worshipper of the Shining One
 87696 | Depths:2 | Voluntarily entered the Abyss.
 87875 | Abyss:1  | Found a shadowy altar of Dithmenos.
 87911 | Abyss:1  | Found a shadowy altar of Dithmenos.
 87948 | Abyss:1  | Reached * piety under the Shining One
 88147 | Abyss:1  | Reached skill level 10 in Maces & Flails
 88167 | Abyss:1  | Reached ** piety under the Shining One
 88224 | Abyss:1  | Found a viscous altar of Jiyva.
 88244 | Abyss:1  | Reached skill level 25 in Shields
 88381 | Abyss:1  | Noticed an ancient lich
 88392 | Abyss:1  | Killed an ancient lich
 88425 | Abyss:1  | Reached *** piety under the Shining One
 88763 | Abyss:1  | Reached **** piety under the Shining One
 88835 | Abyss:1  | Found a corrupted altar of Lugonu.
 88876 | Abyss:1  | Found a corrupted altar of Lugonu.
 88933 | Abyss:1  | Paralysed by accursed screaming for 1 turns
 89085 | Abyss:2  | Found a corrupted altar of Lugonu.
 89202 | Abyss:2  | Found a corrupted altar of Lugonu.
 89297 | Abyss:2  | Reached ***** piety under the Shining One
 89813 | Abyss:2  | Reached ****** piety under the Shining One
 89850 | Abyss:2  | Noticed an ancient lich
 89865 | Abyss:2  | Killed an ancient lich
 90008 | Abyss:2  | Identified a +7 eveningstar of holy wrath (a +5 eveningstar of protection blessed by the Shining One)
 90008 | Abyss:2  | Received a gift from the Shining One
 90061 | Abyss:3  | Found a burning altar of Makhleb.
 90147 | Abyss:3  | Paralysed by accursed screaming for 1 turns
 90546 | Abyss:4  | Found a corrupted altar of Lugonu.
 90814 | Abyss:4  | Paralysed by you for 7 turns
 90900 | Abyss:4  | Got an abyssal rune of Zot
 91045 | Abyss:4  | Reached skill level 15 in Maces & Flails
 91076 | Depths:2 | Escaped the Abyss
 91345 | D:8      | Fell from the grace of the Shining One
 91345 | D:8      | Became a worshipper of Dithmenos the Shadowed
 91552 | Pan      | Entered Pandemonium
 91570 | Pan      | Noticed Emim the pandemonium lord
 91580 | Pan      | Killed Emim the pandemonium lord
 91580 | Pan      | Was forgiven by Gozag
 91648 | Pan      | Gained mutation: You expend magic power (3 MP) to strengthen your wands. [a cacodemon]
 91750 | Pan      | Reached skill level 15 in Spellcasting
 91893 | Pan      | Found an exit through the horrors of the Abyss.
 92222 | Pan      | Found an exit through the horrors of the Abyss.
 92238 | Pan      | Gained mutation: You are frail (-10% HP). [a cacodemon]
 92408 | Pan      | Noticed Buteq the pandemonium lord
 92467 | Pan      | Killed Buteq the pandemonium lord
 92518 | Pan      | Got a demonic rune of Zot
 92621 | Pan      | Identified the Compendium of Dusty Transmigration
 93173 | Pan      | Learned a level 6 spell: Deflect Missiles
 93198 | Pan      | Found an exit through the horrors of the Abyss.
 93546 | Pan      | Found a runed door.
 93687 | Pan      | Reached skill level 1 in Invocations
 93687 | Pan      | Reached skill level 1 in Evocations
 93730 | Pan      | Noticed Vuisiun the pandemonium lord
 93751 | Pan      | Killed Vuisiun the pandemonium lord
 93886 | Pan      | Noticed Puwuul the pandemonium lord
 93905 | Pan      | Killed Puwuul the pandemonium lord
 94013 | Pan      | Reached skill level 5 in Invocations
 94024 | Pan      | Reached skill level 5 in Evocations
 94028 | Pan      | Reached ***** piety under Dithmenos
 94162 | Pan      | Noticed Ephut the pandemonium lord
 94183 | Pan      | Killed Ephut the pandemonium lord
 94411 | Pan      | Noticed Oqepiq the pandemonium lord
 94429 | Pan      | Killed Oqepiq the pandemonium lord
 94794 | Pan      | Found an exit through the horrors of the Abyss.
 94846 | Pan      | Noticed Asosytt the pandemonium lord
 94930 | Pan      | Killed Asosytt the pandemonium lord
 94994 | Pan      | Reached skill level 10 in Evocations
 95143 | Pan      | Reached skill level 10 in Invocations
 95198 | Pan      | Noticed Qaupuunu the pandemonium lord
 95217 | Pan      | Reached ****** piety under Dithmenos
 95242 | Pan      | Killed Qaupuunu the pandemonium lord
 95305 | Pan      | Noticed Peinyst the pandemonium lord
 95349 | Pan      | Killed Peinyst the pandemonium lord
 95367 | Pan      | Found a runed door.
 95378 | Pan      | Found a runed door.
 95385 | Pan      | Found a runed door.
 95386 | Pan      | Noticed Helagog the pandemonium lord
 95386 | Pan      | Found a runed door.
 95875 | Pan      | Found an exit through the horrors of the Abyss.
 96043 | Pan      | Entered the realm of Gloorx Vloq.
 96280 | Pan      | Noticed Gloorx Vloq
 96436 | Pan      | Killed Gloorx Vloq
 96465 | Pan      | Got a dark rune of Zot
 96605 | Pan      | Found an exit through the horrors of the Abyss.
 96643 | Pan      | Noticed Xourphyru the pandemonium lord
 96659 | Pan      | Killed Xourphyru the pandemonium lord
 96975 | Pan      | Found an exit through the horrors of the Abyss.
 97027 | Pan      | Found an exit through the horrors of the Abyss.
 97189 | Pan      | Reached skill level 15 in Evocations
 97258 | Pan      | Noticed Mennas
 97269 | Pan      | Killed Mennas
 97274 | Pan      | Found an exit through the horrors of the Abyss.
 97338 | Pan      | Noticed Xoppiel the pandemonium lord
 97356 | Pan      | Killed Xoppiel the pandemonium lord
 97404 | Pan      | Got a pitted iron ring
 97477 | Pan      | Lost mutation: One of your tentacles bears a spike. [a Zot trap]
 97589 | Pan      | Identified the ring of Naghesal {Str+3 Stlth+} (You found it in Pandemonium)
 97659 | Pan      | Lost mutation: You are agile. (Dex +2) [a cacodemon]
 97664 | Pan      | Noticed Woro the pandemonium lord
 97707 | Pan      | Killed Woro the pandemonium lord
 97929 | Pan      | Got a warped marble ring
 97932 | Pan      | Identified the cursed ring of Conformity {-Tele rC+ MR- Str-3 Dex+5} (You took it off a red devil in Pandemonium)
 98110 | Pan      | Found an exit through the horrors of the Abyss.
 98140 | Pan      | Noticed Farouw the pandemonium lord
 98150 | Pan      | Killed Farouw the pandemonium lord
 98694 | Pan      | HP: 8/170 [reaper/scythe of flaming (49)]
 98694 | Pan      | HP: 3/170 [Executioner (4)]
 98708 | Pan      | Slain by an infernal warmonger

Vault maps used:
D:1:      lemuel_arrival_lava_pool
D:2:      nicolae_ru_the_path_less_chosen
D:3:      xom_redecorated
D:4:      led_sif_pool, portal_sewer_entry_d, first_bread, grunt_gozag_statues,
          uniq_sigmund
D:5:      lemuel_crystal_altar, temple_pool_a, kennysheep_dice, uniq_pikel
D:6:      bloody_makhleb, marbit_many_paths
D:7:      basic_altar, nemelex_spade_bored_becter, uniq_joseph, uniq_duvessa
D:8:      lemuel_coloured_pillars_altar, lemuel_crystal_altar,
          ashenzari_conservatory_becter, lair_0_dummy
D:10:     zombieorc1_lemuel, hangedman_little_slice_of_home, minivault_13
D:11:     minivault_25, grunt_ministairs_5, kennysheep_boxes
D:12:     portal_ice_cave_entry_pillars_01, spider_trap
D:13:     hangedman_vaults_entry_quadrant_bands, grunt_ministairs_15,
          hangedman_abyss_or_decor_passed, minmay_misc_feat_plants,
          johnstein_pakellas_shop, uniq_josephine
D:14:     serial_bayou, serial_bayou_pond_d, serial_bayou_pond_a,
          serial_bayou_pond_b, serial_bayou_pond_b, serial_shops, shop,
          minmay_fountain_box, hangedman_glass_teeth,
          nicolae_qazlal_eye_of_the_storm
D:15:     grunt_enter_depths_magical_seal, serial_corexii_hall,
          corexii_hall_statues_i, corexii_hall_statues_i, lemuel_crystal_altar
Temple:   circular_temple_12
Lair:1:   infiniplex_staircase_pool
Lair:2:   serial_bayou, serial_bayou_pond_d, serial_bayou_crossing,
          serial_bayou_pond_c, serial_bayou_pond_d, serial_bayou_pond_d,
          serial_bayou_lake_a, serial_bayou_shore_b
Lair:3:   nicolae_swamp_entry_splash_gauntlet,
          nicolae_spider_entry_orb_guardian, nicolae_volcano_entry_batcave,
          st_stairs_12, serial_bayou_pond_a, pf_torpor_hydra, uniq_urug
Lair:4:   grunt_megastairs_2, uniq_maud
Lair:5:   grunt_megastairs_1, infiniplex_staircase_pool_2
Lair:6:   lab_entry_generic, serial_bayou_pond_e
Lair:7:   st_stairs_3, serial_bayou_shore_a, grunt_megastairs_3,
          lemuel_fruit_fields
Lair:8:   minmay_lair_end_enchanted_forest, slime_dummy, basic_altar
Swamp:1:  hangedman_swamp_diagram
Swamp:2:  evilmike_swamp_ruin_house_1, swamp_pool4, uniq_kirke
Swamp:3:  evilmike_swamp_ruin_house_4, uniq_mara
Swamp:4:  swamp_fiery
Spider:1: uniq_louise
Spider:3: uniq_aizul
Spider:4: guppyfry_spider_rune, hangedman_spider_tarantella_strand, uniq_roxanne
Slime:2:  cheibrodos_slime_lost_civilization_6
Orc:1:    nicolae_orc_accident_2, serial_shops, nicolae_shop_crystal
Orc:2:    grunt_orc_gardens, grunt_orc_garden, grunt_orc_garden,
          grunt_orc_garden, grunt_orc_garden, uniq_donald
Elf:1:    minmay_elf_arrival_summoners, minmay_elf_annihilation,
          einodemon_crawler_minivault
Elf:2:    serial_shops, bzr_entry_gold, lemuel_flamethrower_2, uniq_saint_roka
Elf:3:    minmay_elf_hall_x, serial_shops, shop, eino_tiny_chamber
Vaults:1: v_misc_25, nicolae_vaults_alarming, grunt_vaults_focal, v_misc_27,
          st_spiral_rooms, vaults_room_grid, v_misc_29,
          hangedman_vaults_stitches, v_pattern_3, vaults_mumra_hexcomb
Vaults:2: st_greater_box_5, v_alt_pattern_2, v_misc_22, vaults_dpeg_ring,
          v_misc_3, nicolae_vaults_little_squares_1, nicolae_vaults_triangles,
          v_misc_11, vaults_dpeg_encased_lava, stair_cage_open,
          nicolae_vaults_shelves_hall, hangedman_vaults_nails, uniq_frederick
Vaults:3: nicolae_vaults_branching_niches, hangedman_vaults_nails, v_misc_26,
          nicolae_vaults_border_crossing, v_misc_8, v_rooms_6,
          nicolae_vaults_windows_and_doors_thing, grunt_vaults_hallway_short,
          ontoclasm_vaults_loading_screen, vaults_room_stairs_pillars,
          minmay_crypt_entry_necro_gods
Vaults:4: v_misc_11, grunt_vaults_hallway_long, v_misc_24, v_misc_26,
          nicolae_vaults_little_squares_6, ontoclasm_vaults_chip,
          vaults_room_grunt_arrival_ludios, st_cross, nicolae_vaults_asterisk,
          v_misc_32, hangedman_vaults_snaps, vaults_room_large_hall,
          nicolae_vaults_asterisk, nicolae_vaults_little_squares_2
Crypt:1:  serial_glass, glass_columns_a, glass_columns_a, glass_columns_a,
          glass_columns_a, glass_columns_a, glass_columns_b, basic_altar,
          grunt_crypt_arrival_webbed, grunt_megastairs_5
Crypt:2:  evilmike_wizard_prison, uniq_khufu
Crypt:3:  david_glass_crypt, tomb_entry_forgotten_bobbens
Depths:1: kennysheep_oblong_rooms, serial_shops, shop, minmay_holes,
          pf_coc_iceberg, minmay_crystal_box
Depths:2: radiant_caverns_a_rkd, abyss_entry, hell_entry
Depths:3: kennysheep_room_grid, mu_enter_wizlab_7, hell_entry,
          rand_demon_pan_entry_3, st_stairs_12, onia_ninara_cookie,
          minmay_staircase_bubble
Depths:4: nicolae_whirlpool, abyss_entry, lemuel_crystal_altar,
          grunt_hell_entry_dis_old, kennysheep_pointless_box
Depths:5: evilmike_zot_entry_gauntlet, enter_ziggurat_c,
          hangedman_decor_growths, serial_shops, shop, pf_hell_entry_great_geh,
          hangedman_abyss_entry_splay
Zot:3:    nicolae_zot_stationary_front
Abyss:2:  evilmike_abyss_exit_11, minivault_23
Abyss:3:  hangedman_abyss_exit_choices, hangedman_abyss_river_spirits,
          serial_sigils_hangedman_gut, bh_abyss_negative
Abyss:4:  minivault_11, minivault_26, kb_abyss_rune_zappy
Pan:      rand_demon_3, evilmike_mini_pan_doors, pan_blood_fountain,
          rand_demon_9, rand_demon_3, grunt_pan_sceptre,
          evilmike_mini_pan_branches, grunt_pan_spiral,
          nicolae_pan_gloorx_vloqian_2, evilmike_mini_pan_3x3,
          reaverb_pan_chaos_star, evilmike_mini_pan_corridor,
          pan_blood_fountain_small, grunt_pan_zigzag, pan_blood_fountain,
          nicolae_pan_mnolegish_1, rand_demon_7, evilmike_mini_pan_V,
          pan_blood_fountain_2, gloorx_vloq_st, grunt_pan_pentagram,
          nicolae_pan_gloorx_vloqian_3, rand_demon_4, rand_demon_5,
          rand_demon_3, pan_blood_fountain_2, uniq_mennas_pan, pan_disco_hall,
          pan_blood_fountain_small, evilmike_mini_pan_doors,
          pan_blood_fountain_small, pan_blood_fountain,
          nicolae_pan_double_arrow, evilmike_mini_pan_other_thingy,
          pan_blood_fountain_small, lemuel_hall_of_pain,
          evilmike_mini_pan_pillars
Lab:      labyrinth_mini_lab, lab_block, nicolae_lab_dead_end,
          nicolae_lab_very_dead_end
Bazaar:   bazaar_kb_twisted_cavern
Sewer:    sewer_kobolds
IceCv:    ice_cave_small_giant
Volcano:  volcano_village
WizLab:   wizlab_cigotuvi

Skill      XL: |  1  2  3  4  5  6  7  8  9 10 11 12 13 14 15 16 17 18 19 20 21 22 23 24 25 26 27 |
---------------+----------------------------------------------------------------------------------+-----
Dodging        | 1 2 3 4 5 6 7 8 9 10 11 12 13 14 15 17 18 19 20 | 20.5
Stealth        | 3 4 5 6 9 10 12 14 15 16 | 16.0
Short Blades   | 1 2 4 6 8 |  8.5
Slings         | 1 2 3 4 5 8 15 | 15.0
Shields        | 2 5 8 10 12 13 14 15 16 18 19 20 21 25 | 25.6
Long Blades    | 5 8 10 12 13 | 13.7
Fighting       | 10 13 16 | 16.1
Maces & Flails | 7 8 20 | 20.8
Polearms       | 6 8 9 11 14 15 16 | 16.5
Translocations | 4 6 7 9 12 | 12.3
Ice Magic      | 3 5 6 |  6.1
Charms         | 4 6 7 |  7.9
Hexes          | 4 5 7 8 |  8.6
Air Magic      | 3 6 8 9 |  9.5
Spellcasting   | 3 6 8 9 15 | 15.6
Necromancy     | 3 5 |  5.7
Summonings     | 1 6 10 | 10.0
Invocations    | 14 | 14.3
Evocations     | 17 | 17.3
Crossbows      | |  1.0

Action                   |  1- 3 |  4- 6 |  7- 9 | 10-12 | 13-15 | 16-18 | 19-21 | 22-24 | 25-27 || total
-------------------------+-------+-------+-------+-------+-------+-------+-------+-------+-------++-------
Melee: Whip              |     7 |       |       |       |       |       |       |       |       ||     7
       Dagger            |    35 |    99 |   267 |   637 |   479 |       |       |       |       ||  1517
       Demon blade       |       |       |       |    29 |   612 |   633 |  1190 |   932 |       ||  3396
       Quick blade       |       |       |       |       |   265 |  1465 |   123 |       |       ||  1853
       Lance             |       |       |       |       |       |       |   250 |  1067 |  4983 ||  6300
       Eveningstar       |       |       |       |       |       |       |       |       |  2040 ||  2040
 Fire: Hunting sling     |       |       |       |    18 |    72 |       |    13 |       |       ||   103
       Greatsling        |       |       |       |       |       |       |       |       |    47 ||    47
 Cast: Static Discharge  |       |       |       |       |       |     1 |       |       |       ||     1
       Blink             |       |       |       |       |       |       |       |     1 |     2 ||     3
       Ozocubu's Armour  |       |       |       |       |       |       |       |     2 |    22 ||    24
       Gell's Gravitas   |       |       |       |       |       |       |       |       |    33 ||    33
       Regeneration      |       |       |       |       |       |       |       |       |    69 ||    69
       Spectral Weapon   |       |       |       |       |       |       |       |       |    37 ||    37
       Shroud of Golubri |       |       |       |       |       |       |       |       |     4 ||     4
       Summon Lightning  |       |       |       |       |       |       |       |       |     6 ||     6
       Repel Missiles    |       |       |       |       |       |       |       |       |     3 ||     3
       Song of Slaying   |       |       |       |       |       |       |       |       |     1 ||     1
       Summon Forest     |       |       |       |       |       |       |       |       |     1 ||     1
Invok: Call Merchant     |       |       |     1 |     1 |     3 |     2 |     2 |     2 |     5 ||    16
       Potion Petition   |       |       |       |       |       |     1 |       |       |       ||     1
       Shadow Form       |       |       |       |       |       |       |       |       |     4 ||     4
       Brand Weapon With |       |       |       |       |       |       |       |       |     1 ||     1
Evoke: Wand              |       |       |     6 |     6 |     7 |     4 |     2 |     5 |     6 ||    36
       Fan of gales      |       |       |       |       |       |       |       |     1 |     2 ||     3
       Rod               |       |       |       |       |       |       |       |       |     7 ||     7
       Phial of floods   |       |       |       |       |       |       |       |       |     4 ||     4
  Use: Scroll            |       |     7 |     5 |    14 |    13 |    10 |    10 |    15 |    46 ||   120
       Potion            |       |     3 |     1 |    10 |     4 |     5 |     7 |    13 |    28 ||    71
 Stab: Sleeping          |     6 |    22 |    31 |    46 |    99 |    79 |    48 |    58 |    99 ||   488
       Distracted        |       |     3 |     3 |    13 |    28 |    51 |    40 |    67 |   208 ||   413
       Confused          |       |       |       |     1 |     1 |     1 |       |       |       ||     3
       Invisible         |       |       |       |     3 |       |       |       |       |    44 ||    47
       Fleeing           |       |       |       |     1 |       |       |       |       |       ||     1
       Petrified         |       |       |       |       |       |       |       |       |     5 ||     5
       Petrifying        |       |       |       |       |       |       |       |       |     5 ||     5
  Eat: Chunk             |       |    24 |     2 |       |       |       |       |       |     8 ||    34
       Pizza             |       |     1 |     1 |       |       |       |       |       |       ||     2
       Meat ration       |       |     1 |     1 |     2 |       |     3 |     1 |     4 |     9 ||    21
       Bread ration      |       |       |     4 |     2 |     2 |     5 |     4 |     2 |    13 ||    32
       Beef jerky        |       |       |     1 |       |     2 |     3 |     2 |       |    12 ||    20
       Royal jelly       |       |       |       |       |    11 |       |     1 |       |     1 ||    13
       Fruit             |       |       |       |       |     1 |       |       |       |       ||     1
